General information
- name: BNet
- type: Ladder team game (AT/RT)
- host: Battle.net
- saver: damendenie
map: TwistedMeadows
- players: 4
- length: 07:42
- speed: Fast
- version: 1.24 W3XP
- replay type: Public
» download(54 KB)
Players
team 1 (winner)
damendenie (
blue | 118 APM | 913 actions | 07:42)
3 Archmage
2 Summon Water Elemental
1 Brilliance Aura
» actions
| Assign group hotkey | 14 | |
| Basic commands | 13 | |
| Build / train | 40 | |
| ESC pressed | 1 | |
| Enter build submenu | 18 | |
| Enter hero's abilities submenu | 3 | |
| Right click | 332 | |
| Select / deselect | 340 | |
| Select group hotkey | 121 | |
| Use ability | 31 | |
913 total
» units
| Peasant | 15 | |
| Footman | 6 | |
| Rifleman | 6 | |
27 total
» buildings
| Altar of Kings | 1 | |
| Barracks | 2 | |
| Farm | 4 | |
| Lumber Mill | 1 | |
| Blacksmith | 1 | |
| Scout Tower | 4 | |
| Town Hall | 1 | |
| Guard Tower | 3 | |
| Arcane Vault | 1 | |
| Arcane Tower | 1 | |
19 total
» build order
00:07 Altar of Kings
00:19 Barracks
00:34 Farm
00:49 Farm
03:37 Farm
03:40 Lumber Mill
04:01 Blacksmith
04:23 Scout Tower
04:24 Scout Tower
04:45 Town Hall
04:58 Guard Tower
04:58 Guard Tower
05:09 Farm
05:33 Arcane Vault
06:13 Scout Tower
06:15 Scout Tower
06:42 Guard Tower
06:42 Arcane Tower
07:07 Barracks
» items
| Lesser Clarity Potion | 2 | |
| Scroll of Regeneration | 1 | |
| Potion of Healing | 2 | |
5 total
Got.noSpoon (
pink | 137 APM | 1054 actions | 07:41)
1 Archmage
1 Summon Water Elemental
1 Mountain King
1 Storm Bolt
» actions
| Assign group hotkey | 82 | |
| Basic commands | 1 | |
| Build / train | 33 | |
| Enter build submenu | 12 | |
| Enter hero's abilities submenu | 2 | |
| Right click | 534 | |
| Select / deselect | 175 | |
| Select group hotkey | 166 | |
| Use ability | 49 | |
1054 total
» units
» buildings
| Altar of Kings | 1 | |
| Barracks | 1 | |
| Farm | 4 | |
| Scout Tower | 2 | |
| Arcane Tower | 1 | |
| Keep | 2 | |
| Arcane Vault | 1 | |
| Lumber Mill | 1 | |
| Arcane Sanctum | 1 | |
14 total
» build order
00:03 Altar of Kings
00:20 Barracks
00:22 Farm
00:24 Farm
01:42 Scout Tower
01:50 Farm
02:17 Arcane Tower
03:07 Keep
03:07 Keep
03:51 Arcane Vault
03:54 Farm
04:42 Lumber Mill
05:07 Scout Tower
06:32 Arcane Sanctum
» items
| Dust of Appearance | 1 | |
| Scroll of Regeneration | 2 | |
| Scroll of Town Portal | 1 | |
| Potion of Healing | 1 | |
| Lesser Clarity Potion | 1 | |
6 total
team 2 (loser)
AllgaeupoweR (
red | 128 APM | 976 actions | 07:38)
2 Warden
1 Shadow Strike
1 Blink
1 Naga Sea Witch
1 Frost Arrows
» actions
| Assign group hotkey | 150 | |
| Basic commands | 5 | |
| Build / train | 31 | |
| ESC pressed | 2 | |
| Enter build submenu | 12 | |
| Enter hero's abilities submenu | 3 | |
| Right click | 536 | |
| Select / deselect | 130 | |
| Select group hotkey | 69 | |
| Use ability | 38 | |
976 total
» units
» upgrades
» buildings
| Altar of Elders | 1 | |
| Moon Well | 5 | |
| Hunter's Hall | 1 | |
| Ancient of War | 2 | |
| Ancient of Wonders | 2 | |
| Tree of Ages | 1 | |
12 total
» build order
00:03 Altar of Elders
00:17 Moon Well
01:34 Hunter's Hall
01:40 Moon Well
02:16 Ancient of War
02:20 Ancient of War
03:16 Moon Well
03:38 Ancient of Wonders
03:43 Ancient of Wonders
03:57 Tree of Ages
06:59 Moon Well
07:05 Moon Well
» items
| Boots of Speed | 1 | |
| Lesser Clarity Potion | 1 | |
2 total
FnX_Junkie (
teal | 98 APM | 756 actions | 07:41)
2 Blademaster
1 Wind Walk
1 Critical Strike
1 Shadow Hunter
1 Hex
» actions
| Assign group hotkey | 20 | |
| Basic commands | 16 | |
| Build / train | 29 | |
| Enter build submenu | 8 | |
| Enter hero's abilities submenu | 3 | |
| Right click | 420 | |
| Select / deselect | 117 | |
| Select group hotkey | 122 | |
| Use ability | 21 | |
756 total
» units
» upgrades
» buildings
| Altar of Storms | 1 | |
| Orc Burrow | 3 | |
| Barracks | 1 | |
| Voodoo Lounge | 1 | |
| Stronghold | 1 | |
| Beastiary | 1 | |
| Spirit Lodge | 1 | |
9 total
» build order
00:07 Altar of Storms
00:16 Orc Burrow
00:35 Barracks
01:27 Orc Burrow
01:53 Voodoo Lounge
02:52 Stronghold
04:13 Orc Burrow
05:54 Beastiary
06:24 Spirit Lodge
» items
| Boots of Speed | 1 | |
| Healing Salve | 1 | |
2 total
Chat log
(00:07 / All) Got.noSpoon: Hi hf
(00:10 / Allies) Got.noSpoon: am here
(00:14 / Allies) damendenie: both?
(00:29 / Allies) Got.noSpoon: k
(01:34 / Allies) Got.noSpoon: ull build some rifles ?
(01:38 / Allies) damendenie: k
(04:36 / Allies) damendenie: wood?
(04:41 / Allies) damendenie: i exe
(05:25 / Allies) damendenie: gj
(06:48 / Allies) damendenie: b
(06:49 / Allies) damendenie: i tp soon